 Dungeon Crawl Stone Soup version 0.28.0 (webtiles) character file.

Game seed: 12386360987269644182

1234 theElss the Skirmisher (level 8, -1/51 HPs)
             Began as a Gargoyle Berserker on Feb 18, 2022.
             Was a Believer of Trog.
             Killed from afar by a steam dragon (6 damage)
             ... with a ball of steam
             ... on level 6 of the Dungeon.
             The game lasted 00:12:16 (4894 turns).

theElss the Skirmisher (Gargoyle Berserker)         Turns: 4894, Time: 00:12:17

Health: -1/51      AC: 14    Str: 20    XL:     8   Next: 48%
Magic:  8/8        EV: 12    Int:  9    God:    Trog [**....]
Gold:   135        SH:  0    Dex: 17    Spells: 7/7 levels left

rFire   . . .      SeeInvis .   a - +0 mace
rCold   . . .      Faith    .   (no shield)
rNeg    + . .      Spirit   .   k - +0 scale mail {Will+}
rPois   ∞          Reflect  .   d - +0 helmet
rElec   +          Harm     .   (no cloak)
rCorr   .          Rampage  .   (no gloves)
Will    ++...                   (no boots)
Stlth   ..........              (no amulet)
HPRegen 0.17/turn               m - +6 ring of dexterity
MPRegen 0.11/turn               y - ring of willpower

@: no status effects
A: sickness immunity, AC +5, negative energy resistance 1, electricity
resistance, torment resistance 1, petrification resistance
a: Renounce Religion, Berserk, Trog's Hand


You were on level 6 of the Dungeon.
You worshipped Trog.
Trog was pleased with you.
You visited 1 branch of the dungeon, and saw 6 of its levels.

You collected 249 gold pieces.
You spent 114 gold pieces at shops.

Inventory:

Hand Weapons
 a - a +0 mace (weapon)
Armour
 d - a +0 helmet (worn)
 k - a +0 scale mail of willpower (worn)
Jewellery
 m - a +6 ring of dexterity (left hand)
 y - a ring of willpower (right hand)
Wands
 o - a wand of iceblast (8)
Scrolls
 b - a scroll of teleportation {unknown}
 e - a scroll of immolation {unknown}
 h - a scroll of fog {unknown}
 j - 2 scrolls of noise {unknown}
 n - a scroll of brand weapon {unknown}
 p - a scroll of blinking
 q - 2 scrolls of enchant weapon {unknown}
 r - a scroll of enchant armour {unknown}
Potions
 c - 2 potions of berserk rage {unknown}
 f - 2 potions of curing {unknown}
 g - a potion of cancellation {unknown}
 i - 4 potions of mutation {unknown}
 l - a potion of heal wounds {unknown}
 s - 3 potions of degeneration
 t - 2 potions of brilliance {unknown}
 u - a potion of flight {unknown}
 v - a potion of haste {unknown}
 w - a potion of magic {unknown}
 x - a potion of attraction {unknown}


   Skills:
 + Level 6.3 Fighting
 + Level 5.8 Maces & Flails
 + Level 5.8 Armour
 + Level 4.3 Dodging


You had 7 spell levels left.
You didn't know any spells.
Your spell library was empty.

Dungeon Overview and Level Annotations

Branches:
Dungeon (6/15)             Temple (0/1) D:5

Altars:

Shops:
D:3 ?   D:6 *

Annotations:
D:6 Pikel


Innate Abilities, Weirdness & Mutations

You are immune to sickness and miasma.
Your stone body is resilient. (AC +5)
You are immune to poison.
You resist negative energy. (rN+)
You are resistant to electric shocks. (rElec)
You are resistant to unholy torment.
You are immune to petrification.


Message History

The steam dragon is moderately wounded.
The steam dragon breathes steam at you. The ball of steam hits you!
You hear an angry hiss.
You hear a shout! x4
You hit the steam dragon.
The steam dragon is moderately wounded.
You are engulfed in a cloud of scalding steam.
An iguana comes into view.
The steam dragon completely misses you. The steam dragon misses you.
You thump the steam dragon!
The steam dragon is heavily wounded.
You are engulfed in a cloud of scalding steam.
The steam dragon bites you. The steam dragon barely misses you.
You sock the steam dragon! Your punch misses the steam dragon.
The steam dragon is severely wounded.
You are engulfed in a cloud of scalding steam.
The steam dragon barely misses you. The steam dragon misses you.
You hit the steam dragon.
The steam dragon is almost dead.
The steam dragon bites you but does no damage.
The steam dragon claws you but does no damage.
Pikel, Merchant of Souls comes into view.
He is wielding a +1 whip of flaming.
A lemure comes into view.
The steam dragon breathes steam at you. The ball of steam misses you.
A lemure comes into view.
The lemure shouts!
You hear a shout!
The steam dragon breathes steam at you. The ball of steam hits you!
The lemure moves out of view.
You are engulfed in a cloud of scalding steam.
You are engulfed in a cloud of scalding steam.
* * * LOW HITPOINT WARNING * * *
Really walk into that cloud of steam?
Okay, then.
Really walk into that cloud of steam?
You are engulfed in a cloud of scalding steam.
* * * LOW HITPOINT WARNING * * *
The steam dragon breathes steam at you. The ball of steam hits you.
You die...

....... #....# ###........
....... #....#######....##....
....... #......#.......###.†##
..... #... #.#.#.##.......# ....
####.# #......#......## #..
#....####.............#
#.K##..l§..§§§.............#
#55l...§D.§§.§.............#
......###§.§.###@§.............#
..... #....##....∩...........#
.5.K ###..###<...............#
.#..#.##...####.#.............#8
# ..........#..##.............
##..#..##.#.......####.###8.
##.... #........## ... ####.
#........# ## #. ##.......#


There were no monsters in sight!

Vanquished Creatures
  Menkaure (D:6)
  A sky beast (D:6)
  An orc warrior (D:3)
  An ogre (D:4)
  A phantom (D:4)
  A kobold brigand (D:6)
  A bullfrog (D:4)
  3 scorpions
  2 hounds
  A centaur skeleton (D:4)
  An orc priest (D:4)
  2 iguanas (D:5)
  Terence (D:2)
  An orc wizard (D:3)
  7 gnolls
  9 adders
  2 white imps (D:5)
  4 worms
  2 dart slugs
  9 orcs
  5 bats
  4 endoplasms
  2 giant cockroaches
  8 goblins
  3 hobgoblins
  2 jackals (D:4)
  3 quokkas
  6 ball pythons
  3 frilled lizards
  6 kobolds
  5 rats
98 creatures vanquished.

Notes
Turn   | Place    | Note
-------+----------+-------------------------------------------
     0 | D:1      | theElss the Gargoyle Berserker began the quest for the Orb.
     0 | D:1      | Reached XP level 1. HP: 14/14 MP: 1/1
   217 | D:1      | Reached XP level 2. HP: 16/19 MP: 2/2
   890 | D:2      | Reached XP level 3. HP: 13/23 MP: 3/3
  1083 | D:2      | Noticed Terence
  1088 | D:2      | Killed Terence
  1378 | D:2      | Found a faded altar of an unknown god.
  1590 | D:2      | Reached XP level 4. HP: 27/29 MP: 4/4
  1693 | D:3      | Found Koekupla's Magic Scroll Shop.
  1722 | D:3      | Noticed an orc warrior
  1966 | D:3      | Reached skill level 4 in Fighting
  1973 | D:2      | Reached ** piety under Trog
  2178 | D:3      | Killed an orc warrior
  2179 | D:3      | Reached XP level 5. HP: 34/34 MP: 5/5
  2218 | D:3      | Reached XP level 6. HP: 22/39 MP: 6/6
  2435 | D:3      | Bought a scroll of blinking for 90 gold pieces
  3086 | D:4      | Reached skill level 5 in Fighting
  3086 | D:4      | Reached XP level 7. HP: 36/44 MP: 7/7
  3346 | D:4      | Reached skill level 5 in Maces & Flails
  3691 | D:5      | Entered Level 5 of the Dungeon
  3739 | D:3      | Bought a scroll of identify for 24 gold pieces
  3917 | D:5      | Reached skill level 5 in Armour
  4291 | D:5      | Found a staircase to the Ecumenical Temple.
  4550 | D:5      | Reached XP level 8. HP: 51/51 MP: 8/8
  4727 | D:6      | Noticed Menkaure
  4738 | D:6      | Killed Menkaure
  4739 | D:6      | Reached skill level 6 in Fighting
  4768 | D:6      | Found Dodoluug's Mass Market.
  4885 | D:6      | Noticed Pikel
  4894 | D:6      | Killed from afar by a steam dragon

Illustrated notes

Levels and vault maps discovered:
D:1:      beargit_arrival_diablo_church, layout_basic, minmay_tall_x
D:2:      layout_loops_ring, shapermc_ecumenical_altar_hornbeckon, uniq_terence
D:3:      layout_rooms, serial_shops,
          nicolae_shop_temple_entry_statues_fountains
D:4:      layout_cave_pools
D:5:      minmay_evil_eye, layout_basic, minmay_temple_entry_hall,
          kennysheep_nondescript, grunt_decor_arrowhead
D:6:      layout_rooms, serial_shops, nicolae_stop_n_shop_2, minmay_shop_mass,
          serial_bayou_pond_e, uniq_pikel, uniq_menkaure, uniq_duvessa

Skill      XL: |  1  2  3  4  5  6  7  8 |
---------------+-------------------------+-----
Dodging        | 2 3 4 |  4.3
Armour         | 3 4 5 |  5.8
Fighting       | 4 5 6 |  6.3
Maces & Flails | 4 5 |  5.8

Action                   |  1- 3 |  4- 6 |  7- 9 || total
-------------------------+-------+-------+-------++-------
Melee: Mace              |    55 |   110 |   163 ||   328
       Punch             |       |     1 |     5 ||     6
Invok: Berserk           |     3 |     5 |     6 ||    14
  Use: Scroll            |       |       |     1 ||     1
Armor: Leather armour    |    10 |       |       ||    10
       Animal skin       |     2 |       |       ||     2
       Scale mail        |     6 |    65 |    86 ||   157
Dodge: Dodged            |    30 |    70 |    96 ||   196
